 Dungeon Crawl Stone Soup version 0.31-a0-151-ge443d1f16c (webtiles) character file.

Game seed: 4213603404019301698

30 qw the Shooter (level 3, -7/21 HPs)
             Began as a Gargoyle Hunter on June 8, 2023.
             Mangled by Sigmund
             ... wielding a +0 scythe
              (10 damage)
             ... on level 2 of the Dungeon.
             The game lasted 00:00:24 (796 turns).

qw the Shooter (Gargoyle Hunter)                     Turns: 796, Time: 00:00:25

Health: -7/21      AC:  5    Str: 14    XL:     3   Next: 20%
Magic:  2/2        EV: 12    Int:  9    God:
Gold:   45         SH:  0    Dex: 15    Spells: 2/2 levels left

rFire   + . .        Y - +1 shortbow
rCold   + . .        (shield currently unavailable)
rNeg    + + .        j - +0 robe {rC+ rF+}
rPois   inf          (no helmet)
rElec   +            (no cloak)
rCorr   .            (no gloves)
SInv    .            (no boots)
Will    .....        (no amulet)
Stlth   +            d - ring of positive energy
HPRegen 0.23/turn    (no ring)
MPRegen 0.08/turn

%: no passive effects
@: confused
A: sickness immunity, AC +3, negative energy resistance 1, electricity
resistance, torment resistance 1, petrification resistance, claws 1, low MP 1
a: no special abilities


You were on level 2 of the Dungeon.
You visited 1 branch of the dungeon, and saw 2 of its levels.

You collected 45 gold pieces.


Innate Abilities, Weirdness & Mutations

You are immune to sickness and miasma.
Your stone body is resilient. (AC +3)
You are immune to poison.
You resist negative energy. (rN+)
You are resistant to electric shocks. (rElec)
You are resistant to unholy torment.
You are immune to petrification.
You have sharp fingernails.
Your magical capacity is low. (-10% MP)


   Skills:
 + Level 2.3 Fighting
 - Level 5.0 Ranged Weapons
 - Level 1.5 Dodging
 - Level 1.1 Stealth


You had 2 spell levels left.
You didn't know any spells.
Your spell library was empty.

Inventory:

Hand Weapons
 Y - a +1 shortbow (weapon)
Armour
 c - a +0 leather armour
 j - a +0 robe of resistance (worn)
Jewellery
 d - a ring of positive energy (left claw)
Potions
 e - a potion of degeneration {unknown}
 l - a potion of enlightenment {unknown}
 m - a potion of mutation

Dungeon Overview and Level Annotations

Branches:
Dungeon (2/15)

Altars:

Annotations:
D:2 Sigmund


Message History

Sigmund completely misses you.
You shoot an arrow. The arrow barely misses Sigmund.
You shoot an arrow. The arrow closely misses Sigmund.
Sigmund closely misses you.
You shoot an arrow. The arrow hits Sigmund!
Sigmund is severely wounded.
Sigmund drinks a potion.
Sigmund is healed!
You shoot an arrow. The arrow closely misses Sigmund.
Sigmund gestures at you while chanting. You resist with significant effort.
You shoot an arrow. The arrow closely misses Sigmund.
Sigmund is suddenly surrounded by pale blue light.
Sigmund casts a spell at you. You resist with significant effort.
You shoot an arrow.
The arrow hits Sigmund but does no damage.
Sigmund is heavily wounded.
Sigmund misses you.
You shoot an arrow. The arrow closely misses Sigmund.
Sigmund barely misses you.
You shoot an arrow. The arrow barely misses Sigmund.
Sigmund misses you.
You shoot an arrow. The arrow closely misses Sigmund.
You shoot an arrow. The arrow closely misses Sigmund.
Sigmund gestures at you while chanting. You resist with significant effort.
Sigmund closely misses you.
You shoot an arrow. The arrow closely misses Sigmund.
You shoot an arrow. The arrow hits Sigmund.
Sigmund is severely wounded.
Sigmund points at you and mumbles some strange words.
The magic dart hits you.
794 ||| STAIRDANCE Sigmund casts a spell at you.
You are confused.
In your confused state, you trip and fall back down the stairs.
Sigmund hits you from afar with a +0 scythe!
Ouch! That really hurt!
796 ||| STAIRDANCE Sigmund hits you from afar with a +0 scythe!
You die...

#. #. ##.
#### .>
...
#.#..#####
#.........
#..$....##
#.@.@.....
###.....##
######


You could see Sigmund.

Vanquished Creatures
  3 endoplasms (D:1)
  2 giant cockroaches
  5 goblins (D:1)
  A hobgoblin (D:1)
  4 jackals (D:1)
  5 ball pythons (D:1)
  2 bats (D:1)
  A frilled lizard (D:1)
  2 kobolds (D:1)
  2 rats (D:1)
27 creatures vanquished.

Notes
Turn   | Place    | Note
-------+----------+-------------------------------------------
     0 | D:1      | qw the Gargoyle Hunter began the quest for the Orb.
     0 | D:1      | Reached XP level 1. HP: 12/12 MP: 1/1
     0 | D:1      | 0 ||| qw: Version: 0.2-a-120-gdf1a93b
     0 | D:1      | 0 ||| qw: Game counter: 3062
     0 | D:1      | 0 ||| qw: Always use a shield: true
     0 | D:1      | 0 ||| qw: God list: Okawaru
     0 | D:1      | 0 ||| qw: Allow faded altars: false
     0 | D:1      | 0 ||| qw: Do Orc after D:15 true
     0 | D:1      | 0 ||| qw: Do second Lair branch before Depths: true
     0 | D:1      | 0 ||| qw: Lair rune preference: random
     0 | D:1      | 0 ||| qw: Plans: Normal
     0 | D:1      | 0 ||| PLANNING D:1-11
    18 | D:1      | Found a faded altar of an unknown god.
    40 | D:1      | HP: 3/12 [kobold/+0 dagger (3)]
   120 | D:1      | Reached XP level 2. HP: 16/17 MP: 2/2
   433 | D:1      | Reached XP level 3. HP: 21/21 MP: 3/3
   515 | D:1      | Reached skill level 5 in Ranged Weapons
   739 | D:1      | 739 ||| UPGRADING to +0 robe of resistance.
   749 | D:1      | 749 ||| UPGRADING to ring of positive energy.
   750 | D:1      | 750 ||| READING scroll labelled POGELEINONT.
   751 | D:1      | 751 ||| READING scroll labelled ITAG UHUFECS.
   752 | D:1      | 752 ||| READING scroll labelled OSUYKLAC XETIKK.
   753 | D:1      | 753 ||| READING scroll labelled WIOHUO HUPEEC.
   754 | D:1      | 754 ||| DRINKING 2 ruby potions.
   755 | D:1      | 755 ||| DRINKING 2 bubbling coppery potions.
   755 | D:1      | Gained mutation: Your magical capacity is low. (-10% MP)
                  | [potion of mutation]
   755 | D:1      | Gained mutation: You have sharp fingernails. [potion of
                  | mutation]
   756 | D:1      | 756 ||| DROPPING scroll of butterflies.
   766 | D:2      | Noticed Sigmund
   770 | D:2      | 770 ||| STAIRDANCE
   772 | D:2      | 772 ||| STAIRDANCE
   774 | D:1      | 774 ||| DRINKING potion of curing.
   774 | D:1      | 774 ||| (to cure confusion)
   794 | D:2      | 794 ||| STAIRDANCE
   795 | D:2      | HP: 3/21 [Sigmund/+0 scythe (11)]
   796 | D:2      | 796 ||| STAIRDANCE
   796 | D:2      | Mangled by Sigmund

Levels and vault maps discovered:
D:1:      mrwooster_arrival_statue, layout_loops_ring,
          ebering_ecumenical_altar_rust, minmay_split_cup_small
D:2:      layout_basic, uniq_sigmund, uniq_natasha, uniq_crazy_yiuf_cottage

Skill      XL: |  1  2  3 |
---------------+----------+-----
Ranged Weapons | 5 |  5.0
Fighting       | |  2.3
Dodging        | |  1.5
Stealth        | |  1.1

Action                     || total
---------------------------++-------
   Fire: Shortbow          ||    92
    Use: Scroll            ||     4
         Potion            ||     3
 Armour: Leather armour    ||    26
         Robe              ||     1
  Dodge: Dodged            ||    49

Table legend:
 A = Non-vault XP
 B = Vault XP
 C = Vault XP percentage of total XP
 D = Non-vault monster count
 E = Vault monster count
 F = Vault count percentage of total count
                 A         B        C        D         E       F
            +---------+---------+-------+---------+---------+-------
      Total |      38 |       6 |  13.6 |      24 |       3 |  11.1
            +---------+---------+-------+---------+---------+-------
        D:1 |      36 |       6 |  14.3 |      23 |       3 |  11.5
        D:2 |       2 |       0 |   0.0 |       1 |       0 |   0.0
            +---------+---------+-------+---------+---------+-------
